 Dungeon Crawl Stone Soup version 0.31.0-12-g77e489cdc1 (webtiles) character file.

Game seed: 16649490856651931975

171131 Peloso the Fencer (level 17, -7/168 HPs)
             Began as a Minotaur Fighter on Feb 15, 2024.
             Was the Champion of Okawaru.
             Killed from afar by a deep elf zephyrmancer (25 damage)
             ... with a bolt of lightning
             ... on level 1 of the Elven Halls.
             The game lasted 01:09:03 (34488 turns).

Peloso the Fencer (Minotaur Fighter)               Turns: 34488, Time: 01:09:04

Health: -7/168     AC: 38    Str: 23    XL:     17   Next: 38%
Magic:  0/16       EV:  8    Int:  5    God:    Okawaru [******]
Gold:   1283       SH: 17    Dex: 20    Spells: 16/16 levels left

rFire   . . .        a - +2 double sword (heavy)
rCold   + + +        d - +1 kite shield {rC+}
rNeg    . . .        g - +11 crystal plate armour of the Armadillo {Str+3 Dex+5}
rPois   +            k - +0 hat
rElec   .            w - +2 cloak
rCorr   +            (no gloves)
SInv    .            h - +0 pair of boots
Will    +....        p - amulet of guardian spirit Stlth
                     o - ring "Ytaost" {Wiz rPois rC++ rCorr Str-4}
HPRegen 0.48/turn    (no ring)
MPRegen 0.15/turn

%: random rage (3%), guardian spirit, wizardry (x1)
@: on fire, corroded, glowing
A: horns 2, retaliatory headbutt, berserk 1
a: Renounce Religion, Heroism, Finesse, Duel


You were on level 1 of the Elven Halls.
You worshipped Okawaru.
Okawaru was exalted by your worship.
You visited 6 branches of the dungeon, and saw 28 of its levels.
You also visited: Bailey and Ice Cave.

You collected 2473 gold pieces.
You spent 1190 gold pieces at shops.

Inventory:

Hand Weapons
 a - a +2 heavy double sword (weapon)
 b - the +7 demon blade "Wetz" {elec, Dex+3}
   (You acquired it on level 1 of the Dungeon)

   Dex+3:     It affects your dexterity (+3).
 c - a +3 scimitar of flaming
Armour
 d - a +1 kite shield of cold resistance (worn)
 g - the +11 crystal plate armour of the Armadillo (worn) {Str+3 Dex+5}
   (Okawaru gifted it to you on level 1 of the Spider Nest)

   Str+3:     It affects your strength (+3).
   Dex+5:     It affects your dexterity (+5).
 h - a +0 pair of boots (worn)
 k - a +0 hat (worn)
 s - the +0 plate armour of Qurorch {-Cast Str+2 Dex+5}
   (You bought it in a shop on level 2 of the Orcish Mines)

   Str+2:     It affects your strength (+2).
   Dex+5:     It affects your dexterity (+5).
   -Cast:     It prevents spellcasting.
 w - a +2 cloak (worn)
Jewellery
 o - the ring "Ytaost" (left hand) {Wiz rPois rC++ rCorr Str-4}
   (You found it on level 4 of the Dungeon)

   [ring of wizardry]

   Wiz:       It improves your spell success rate.
   Str-4:     It affects your strength (-4).
   rC++:      It greatly protects you from cold.
   rPois:     It protects you from poison rCorr: It protects you from acid and
   corrosion.
 p - an amulet of guardian spirit (around neck)
 G - a +5 ring of evasion
 K - a ring of see invisible
 W - a ring of poison resistance
Talismans
 H - the serpent talisman of Ruimymiq {Will+ Str+3}
   (You took it off Aizul on level 2 of the Spider Nest)

   [serpent talisman]

   Str+3:     It affects your strength (+3).
   Will+:     It increases your willpower.
 L - a dragon-blood talisman
Wands
 x - a wand of iceblast (6)
 B - a wand of digging (5)
 D - a wand of acid (7)
 I - a wand of flame (12)
Scrolls
 j - 5 scrolls of fear
 m - 7 scrolls of teleportation
 n - 2 scrolls of immolation
 r - 2 scrolls of vulnerability
 t - 3 scrolls of poison
 E - a scroll of blinking {unknown}
 J - a scroll of identify
 M - a scroll of fog
 X - 5 scrolls of revelation
Potions
 e - 2 potions of might
 f - 6 potions of curing
 i - 2 potions of cancellation
 l - 8 potions of invisibility
 q - a potion of brilliance
 u - 2 potions of haste
 v - 8 potions of heal wounds
 z - 3 potions of resistance
 A - 3 potions of mutation
 C - 3 potions of lignification
 F - a potion of ambrosia
 P - 2 potions of enlightenment
 Y - 2 potions of berserk rage
Miscellaneous
 y - a phantom mirror


   Skills:
 + Level 19.0 Fighting
 + Level 20.0 Long Blades
 + Level 18.3 Armour
 + Level 5.2 Dodging
 + Level 2.2 Stealth
 + Level 18.6 Shields
 + Level 0.9 Invocations


You had 16 spell levels left.
You didn't know any spells.
Your spell library contained the following spells:

 Spells                   Type           Power      Damage    Failure   Level
 Foxfire                  Conj/Fire      0%         2x1d4     99%         1
 Slow                     Hex            0%         N/A       99%         1
 Ensorcelled Hibernation  Hex/Ice        0%         N/A       100%        2
 Lesser Beckoning         Tloc           0%         N/A       100%        2
 Sublimation of Blood     Necr           0%         N/A       100%        2
 Confusing Touch          Hex            0%         N/A       100%        3
 Frozen Ramparts          Ice            0%         1d1       100%        3
 Fugue of the Fallen      Necr           0%         N/A       100%        3
 Gell's Gravitas          Tloc           0%         N/A       100%        3
 Ozocubu's Armour         Ice            0%         N/A       100%        3
 Sigil of Binding         Hex            0%         N/A       100%        3
 Teleport Other           Tloc           0%         N/A       100%        3
 Vampiric Draining        Necr           0%         2d6       100%        3
 Volatile Blastmotes      Fire/Tloc      0%         2d10      100%        3
 Anguish                  Hex/Necr       0%         N/A       100%        4
 Fulminant Prism          Conj/Alch      0%         3d5       100%        4
 Iskenderun's Mystic Bla  Conj/Tloc      0%         2d3       100%        4
 Leda's Liquefaction      Alch/Erth      0%         N/A       100%        4
 Manifold Assault         Tloc           0%         N/A       100%        4
 Petrify                  Alch/Erth      0%         N/A       100%        4
 Vhi's Electric Charge    Tloc/Air       0%         N/A       100%        4
 Arcjolt                  Conj/Air       0%         1d10      100%        5
 Irradiate                Conj/Alch      0%         3d11      100%        5
 Metabolic Englaciation   Hex/Ice        0%         N/A       100%        5
 Plasma Beam              Fire/Air       0%         2x1d10    100%        6
 Starburst                Conj/Fire      0%         6d3       100%        6
 Maxwell's Capacitive Co  Air            0%         ∞         100%        8


Dungeon Overview and Level Annotations

Branches:
Dungeon (15/15)            Temple (1/1) D:7            Lair (5/5) D:10
 Shoals (0/4) Lair:2       Spider (4/4) Lair:2        Slime (0/5) Lair:5
    Orc (2/2) D:10            Elf (1/3) Orc:2        Vaults (0/5) D:13
 Depths (0/4) D:15         Bailey (visited)           IceCv (visited)

Altars:
Ashenzari
Cheibriados
Dithmenos
Elyvilon
Fedhas
Gozag
Hepliaklqana
Kikubaaqudgha
Makhleb
Nemelex Xobeh
Okawaru
Qazlal
Ru
Sif Muna
Trog
Uskayaw
Vehumet
Wu Jian
Xom
Yredelemnul
Zin
The Shining One
Jiyva

Shops:
D:3 *   D:11 !   Orc:1 ?   Orc:2 !*![

Annotations:
Lair:1 Casa


Innate Abilities, Weirdness & Mutations

You have a pair of horns on your head.
You reflexively headbutt those who attack you in melee.
You sometimes lose your temper in combat.


Message History

The bolt of lightning hits you!
You block the deep elf pyromancer's attack.
The deep elf pyromancer hits you but does no damage.
You slash the deep elf pyromancer!
The deep elf pyromancer is severely wounded.
The liquid fire burns you!
The deep elf pyromancer hits you with a +0 long sword.
* * * LOW HITPOINT WARNING * * *
The deep elf zephyrmancer hits you but does no damage.
The deep elf pyromancer gestures wildly while chanting.
The deep elf pyromancer blinks!
You miss the deep elf sorcerer.
Your headbutt misses the deep elf sorcerer.
The liquid fire burns you!
* * * LOW HITPOINT WARNING * * *
The deep elf sorcerer casts a spell.
The deep elf sorcerer seems to speed up.
You block the deep elf zephyrmancer's attack.
The deep elf pyromancer hits you but does no damage.
The deep elf pyromancer mumbles some strange words.
The deep elf pyromancer blinks!
You slash the deep elf sorcerer!
You headbutt the deep elf sorcerer, but do no damage.
The deep elf sorcerer is moderately wounded.
The liquid fire burns you!
* * * LOW HITPOINT WARNING * * *
The deep elf sorcerer hits you but does no damage.
You block the deep elf pyromancer's attack.
The deep elf zephyrmancer gestures at you while chanting.
The bolt of lightning hits you!
* * * LOW HITPOINT WARNING * * *
Unknown command.
You carve the deep elf sorcerer like a ham!!!
You kill the deep elf sorcerer!
Okawaru accepts your kill. The liquid fire burns you!
* * * LOW HITPOINT WARNING * * *
The deep elf zephyrmancer gestures at you while chanting.
The bolt of lightning hits you!!
You die...

....#...# ..#.e...#
#.#....(.#######
#.....#..##..... '
#...#...###...#. #.#
####.#....###......
#.##..§....#####...###
#'..ee.#######..#.#
##...@).######..##...
#....$e.#####..#####..
##
##.................'...
'.
..'.........##########..
.#########.......## #+ .
....e.# ##.....'## #^#
#E#'#'#
##...##)#######.#
#e#e#.# #..####'.....'#
###############).#
##.....##


You could see 2 deep elf pyromancers and a deep elf zephyrmancer.

Vanquished Creatures
  Arachne (Spider:2)
  Gastronok (Lair:3)
  Agnes (Spider:2)
  Kirke (D:14)
  Aizul (Spider:2)
  A ghost moth (Spider:3)
  An emperor scorpion (Spider:3)
  Louise (D:15)
  A deep elf sorcerer (Elf:1)
  A broodmother (Spider:2)
  A spark wasp (Spider:1)
  An ettin (D:14)
  8 vault guards (D:13)
  A rakshasa (D:15)
  The ghost of Ilaisokh the Summoner, a journeyman FeSu of Kikubaaqudgha (Lair:4)
  5 ogre magi
  A catoblepas (D:15)
  5 hydras
  2 jorogumos
  Harold (D:9)
  4 radroaches (Spider:2)
  A dancing weapon (Elf:1)
  21 two-headed ogres
  3 centaur warriors
  8 boulder beetles
  3 tengu warriors
  Urug (Lair:3)
  6 demonic crawlers
  7 death yaks (Lair:4)
  An orc high priest (Orc:2)
  Nergalle (Orc:1)
  Sonja (D:13)
  A deep elf knight (Elf:1)
  A goliath frog (Lair:5)
  3 pharaoh ants
  2 skeletal warriors
  7 orb spiders
  A lindwurm (Lair:5)
  11 deep elf pyromancers
  6 deep elf zephyrmancers (Elf:1)
  Pikel (D:6)
  2 steelbarb worms
  An orc knight (Bailey)
  6 wolf spider zombies
  14 wolf spiders
  3 necromancers
  Maurice (D:7)
  7 ugly things
  3 orc sorcerers (D:15)
  4 cyclopes
  6 manticores
  3 meliai (D:15)
  A meliai (shapeshifter) (D:10)
  An ice statue (IceCv)
  A kobold blastminer (Orc:2)
  7 black mambas
  3 gargoyles
  A centaur zombie (D:15)
  22 cane toads
  3 kobold demonologists
  A torpor snail (Spider:1)
  2 unseen horrors
  5 rime drakes
  Jeremiah (D:9)
  14 ice devils
  4 tengu conjurers
  2 efreet
  6 freezing wraiths
  10 komodo dragons
  An anaconda simulacrum (IceCv)
  7 redback zombies (Spider:1)
  Psyche (D:10)
  10 trolls
  2 tyrant leeches (Lair:5)
  A wind drake (Lair:2)
  16 tarantellas
  5 polar bears
  Grinder (D:5)
  8 culicivora zombies (Spider:1)
  10 slime creatures
  4 tarantella zombies (Spider:1)
  13 jumping spiders
  22 blink frogs
  4 dream sheep (Lair:5)
  Sigmund (D:5)
  A shadow (D:7)
  A centaur simulacrum (D:15)
  A vampire (D:11)
  15 culicivoras
  3 wraiths
  2 wyverns
  3 hogs (D:14)
  2 basilisks
  2 wargs
  68 yaks
  A steam dragon (D:8)
  51 redbacks
  12 vampire mosquitoes
  A death yak simulacrum (IceCv)
  6 acid dragons
  3 harpy simulacra (IceCv)
  22 water moccasins
  2 hydra simulacra (IceCv)
  15 orc warriors
  2 sky beasts
  An ice beast (D:7)
  A black bear (Lair:4)
  25 ogres
  11 centaurs
  2 laughing skulls (D:13)
  19 wolves
  2 phantoms
  4 lemures
  4 kobold brigands
  17 bullfrogs
  3 cane toad simulacra (IceCv)
  A gnoll sergeant (D:12)
  3 scorpions
  A two-headed ogre simulacrum (IceCv)
  A wight (D:7)
  6 elephant simulacra (IceCv)
  6 killer bees (D:10)
  5 electric eels
  2 howler monkeys (D:9)
  3 bombardier beetles
  2 hounds (D:5)
  9 orc priests
  A boggart zombie (D:15)
  7 hell rats (Lair:1)
  2 iguanas (D:7)
  18 orc wizards
  6 polar bear simulacra (IceCv)
  2 spriggan simulacra (IceCv)
  A troll simulacrum (IceCv)
  4 wolf simulacra (IceCv)
  14 gnolls
  10 adders
  2 white imps
  An ufetubus (IceCv)
  4 dart slugs
  64 orcs
  3 bats
  6 endoplasms
  8 goblins
  5 hobgoblins
  2 jackals (D:4)
  8 ball pythons
  3 frilled lizards
  15 kobolds
  3 rats
896 creatures vanquished.

Vanquished Creatures (others)
  An orc (D:6)
1 creature vanquished.

Grand Total: 897 creatures vanquished

Notes
Turn   | Place    | Note
-------+----------+-------------------------------------------
     0 | D:1      | Peloso the Minotaur Fighter began the quest for the Orb.
     0 | D:1      | Reached XP level 1. HP: 19/19 MP: 0/0
   283 | D:1      | Reached XP level 2. HP: 27/27 MP: 1/1
   519 | D:1      | Identified a scroll of acquirement
   519 | D:1      | Acquired the +7 demon blade "Wetz" {elec, Dex+3}
   671 | D:2      | Reached XP level 3. HP: 28/33 MP: 2/2
  1129 | D:3      | Reached skill level 3 in Long Blades
  1197 | D:3      | Found Zin's Purification Station.
  1198 | D:3      | Found a glowing silver altar of Zin.
  1364 | D:3      | Reached XP level 4. HP: 40/40 MP: 3/3
  1685 | D:4      | Identified the ring "Ytaost" {Wiz rPois rC++ rCorr Str-4}
  1701 | D:4      | Reached skill level 4 in Long Blades
  1701 | D:4      | Reached XP level 5. HP: 27/47 MP: 4/4
  1818 | D:4      | Reached skill level 5 in Armour
  1890 | D:4      | Noticed a phantom
  1895 | D:4      | Killed a phantom
  1896 | D:4      | Reached skill level 5 in Long Blades
  1896 | D:4      | Reached XP level 6. HP: 50/53 MP: 5/5
  2083 | D:4      | Reached skill level 6 in Long Blades
  2454 | D:5      | Entered Level 5 of the Dungeon
  2481 | D:5      | Found a white marble altar of Elyvilon.
  2642 | D:5      | Reached skill level 1 in Dodging
  2784 | D:5      | Noticed Grinder
  2793 | D:5      | Killed Grinder
  2794 | D:5      | Reached skill level 7 in Long Blades
  2794 | D:5      | Reached XP level 7. HP: 50/60 MP: 3/6
  3074 | D:5      | Found a sacrificial altar of Ru.
  3243 | D:6      | Noticed Sigmund
  3249 | D:5      | Killed Sigmund
  3250 | D:5      | Reached skill level 5 in Fighting
  3258 | D:6      | Noticed Pikel
  3400 | D:5      | Reached skill level 8 in Long Blades
  3400 | D:5      | Reached skill level 1 in Stealth
  3408 | D:6      | Killed Pikel
  3409 | D:6      | Reached skill level 9 in Long Blades
  3409 | D:6      | Reached skill level 5 in Shields
  3409 | D:6      | Reached XP level 8. HP: 70/70 MP: 7/7
  4314 | D:7      | Reached skill level 10 in Long Blades
  4339 | D:7      | Found a staircase to the Ecumenical Temple.
  4350 | D:7      | Noticed a troll
  4377 | D:7      | Killed a troll
  4378 | D:7      | Reached XP level 9. HP: 55/77 MP: 5/8
  4385 | Temple   | Entered the Ecumenical Temple
  4464 | Temple   | Became a worshipper of Warmaster Okawaru
  4842 | D:7      | Reached skill level 11 in Long Blades
  4844 | D:7      | Noticed Maurice
  4875 | D:7      | Something stole the ring "Ytaost" {Wiz rPois rC++ rCorr
                  | Str-4}
  4876 | D:7      | Something stole a +0 long sword
  4877 | D:7      | Killed Maurice
  4877 | D:7      | Reached * piety under Okawaru
  4928 | D:7      | Noticed a skeletal warrior
  4951 | D:7      | Killed a skeletal warrior
  4952 | D:7      | Reached skill level 12 in Long Blades
  4994 | D:7      | Noticed a gargoyle
  5002 | D:7      | Noticed a cyclops
  5003 | D:7      | Killed a gargoyle
  5003 | D:7      | Reached ** piety under Okawaru
  5004 | D:7      | Reached XP level 10. HP: 75/86 MP: 9/9
  5009 | D:7      | Killed a cyclops
  5020 | D:7      | HP: 1/88 [something (22)]
  5778 | D:8      | Reached skill level 13 in Long Blades
  5805 | D:8      | Reached *** piety under Okawaru
  5895 | D:8      | Found a shimmering altar of Xom.
  6236 | D:9      | Found a shadowy altar of Dithmenos.
  6251 | D:9      | Noticed Jeremiah
  6253 | D:9      | Found a flagged portal.
  6269 | Bailey   | Entered a bailey
  6559 | Bailey   | Noticed an orc knight
  6572 | Bailey   | Killed an orc knight
  6681 | Bailey   | Reached skill level 14 in Long Blades
  6771 | D:9      | Killed Jeremiah
  6771 | D:9      | Reached **** piety under Okawaru
  6772 | D:9      | Reached skill level 10 in Armour
  6953 | D:9      | Noticed Harold
  6960 | D:9      | Noticed a two-headed ogre
  6963 | D:9      | Killed Harold
  6969 | D:9      | Killed a two-headed ogre
  6970 | D:9      | Reached XP level 11. HP: 39/97 MP: 3/10
  7286 | D:9      | Reached ***** piety under Okawaru
  7980 | D:10     | Entered Level 10 of the Dungeon
  7991 | D:10     | Found a staircase to the Orcish Mines.
  8059 | D:10     | Noticed Psyche
  8064 | D:10     | Killed Psyche
  8100 | D:10     | Noticed a skeletal warrior
  8111 | D:10     | Killed a skeletal warrior
  8125 | D:10     | Noticed a lindwurm
  8125 | D:10     | Noticed a boulder beetle
  8135 | D:10     | a lindwurm changed into a meliai
  8158 | D:10     | Noticed a brown ugly thing
  8160 | D:10     | Noticed a tengu warrior
  8161 | D:10     | Killed a boulder beetle
  8161 | D:10     | Received a gift from Okawaru
  8161 | D:10     | Noticed an ogre mage
  8162 | D:10     | Reached skill level 10 in Fighting
  8166 | D:10     | Noticed a four-headed hydra
  8168 | D:10     | Killed a brown ugly thing
  8169 | D:10     | Reached skill level 15 in Long Blades
  8694 | D:10     | Killed an ogre mage
  8878 | D:10     | Killed a one-headed hydra
  9011 | D:10     | Killed a tengu warrior
  9314 | D:10     | Noticed a two-headed ogre
  9322 | D:10     | Killed a two-headed ogre
  9322 | D:10     | Received a gift from Okawaru
  9535 | D:10     | Reached XP level 12. HP: 94/110 MP: 9/11
  9693 | D:10     | Identified the +4 ring mail "Jawafesch" {rC+ Dex+3}
  9728 | D:10     | Found a staircase to the Lair.
  9823 | D:10     | Found a radiant altar of Vehumet.
  9997 | D:11     | Noticed a two-headed ogre
 10023 | D:11     | Killed a two-headed ogre
 10212 | D:11     | Found Kuil's Distillery.
 10217 | D:11     | Bought a potion of heal wounds for 75 gold pieces
 10217 | D:11     | Bought a potion of enlightenment for 75 gold pieces
 10217 | D:11     | Noticed a boulder beetle
 10224 | D:11     | Killed a boulder beetle
 10224 | D:11     | Received a gift from Okawaru
 10332 | D:11     | Identified the ring of the Akabeko {AC+4 Stlth+}
 10809 | Lair:1   | Entered Level 1 of the Lair of Beasts
 10949 | Lair:1   | Found a frozen archway.
 10974 | IceCv    | Entered an ice cave
 11257 | IceCv    | Reached skill level 16 in Long Blades
 11606 | IceCv    | Reached ****** piety under Okawaru
 11606 | IceCv    | Received a gift from Okawaru
 11903 | IceCv    | Found an ancient bone altar of Kikubaaqudgha.
 12056 | IceCv    | Reached XP level 13. HP: 107/119 MP: 10/12
 13161 | Lair:2   | Reached skill level 10 in Shields
 13186 | Lair:2   | Received a gift from Okawaru
 13196 | Lair:2   | Identified the blade talisman "Rykyts" {Int+5 Dex-5}
 13737 | Lair:2   | Found a hole to the Spider Nest.
 13756 | Lair:2   | Reached skill level 17 in Long Blades
 14080 | Lair:2   | Found a staircase to the Shoals.
 15052 | D:12     | Received a gift from Okawaru
 15237 | D:12     | Found a hide-covered altar of Uskayaw.
 16122 | Orc:1    | Entered Level 1 of the Orcish Mines
 16545 | Orc:1    | Noticed Nergalle
 16585 | Orc:1    | Killed Nergalle
 16998 | Orc:1    | Found Qadimov's Magic Scroll Shop.
 17006 | Orc:1    | Bought a scroll of noise for 16 gold pieces
 17011 | Orc:1    | Bought a scroll of identify for 32 gold pieces
 17012 | Orc:1    | Bought a scroll of identify for 32 gold pieces
 17012 | Orc:1    | Bought a scroll of identify for 32 gold pieces
 17056 | Orc:2    | Entered Level 2 of the Orcish Mines
 17370 | Orc:2    | Reached XP level 14. HP: 103/127 MP: 10/13
 17556 | Orc:1    | Received a gift from Okawaru
 17780 | Orc:1    | Reached skill level 15 in Armour
 18131 | Orc:2    | Found Tihod's Armour Shop.
 18163 | Orc:2    | Found Gego's Assorted Antiques.
 18163 | Orc:2    | Found Willuugu's Distillery.
 18163 | Orc:2    | Found Vurphiho's Distillery.
 18193 | Orc:2    | Bought a potion of mutation for 144 gold pieces
 18195 | Orc:2    | Bought a steaming plate armour for 784 gold pieces
 18195 | Orc:2    | Identified the +0 plate armour of Qurorch {-Cast Str+2
                  | Dex+5} (You bought it in a shop on level 2 of the Orcish
                  | Mines)
 18254 | Orc:2    | Received a gift from Okawaru
 18407 | Orc:2    | Found a staircase to the Elven Halls.
 18456 | Orc:2    | Reached skill level 15 in Fighting
 19189 | D:13     | Found a gate to the Vaults.
 19501 | D:13     | Reached skill level 18 in Long Blades
 19604 | D:13     | Noticed Sonja
 19608 | D:13     | Killed Sonja
 20142 | Lair:3   | Received a gift from Okawaru
 20483 | Lair:3   | Found the +8 whip "Snakebite" {venom, curare, rPois}
 20554 | Lair:3   | Noticed Urug
 20570 | Lair:3   | Killed Urug
 20682 | Lair:3   | Noticed Gastronok
 20696 | Lair:3   | Killed Gastronok
 20697 | Lair:3   | Reached XP level 15. HP: 124/143 MP: 11/14
 21358 | Lair:4   | Received a gift from Okawaru
 21419 | Lair:4   | Found a runed translucent gate.
 21419 | Lair:4   | Found a runed translucent gate.
 21419 | Lair:4   | Found a runed translucent gate.
 21420 | Lair:4   | Noticed Ilaisokh's ghost (journeyman FeSu)
 21604 | Lair:4   | You fall into a shaft and drop 1 floor!
 21604 | Lair:5   | Entered Level 5 of the Lair of Beasts
 21610 | Lair:5   | Found a white marble altar of Elyvilon.
 22154 | Lair:5   | Reached skill level 15 in Shields
 22508 | Lair:5   | Received a gift from Okawaru
 23309 | Lair:5   | Found a viscous altar of Jiyva.
 23309 | Lair:5   | Found a staircase to the Slime Pits.
 24458 | Lair:4   | Killed Ilaisokh's ghost
 24458 | Lair:4   | Received a gift from Okawaru
 24935 | D:14     | Noticed Kirke
 24956 | D:14     | Killed Kirke
 25024 | D:14     | Reached skill level 19 in Long Blades
 25310 | D:14     | Reached XP level 16. HP: 85/155 MP: 7/15
 26198 | D:15     | Entered Level 15 of the Dungeon
 26208 | D:15     | Noticed Louise
 26220 | D:15     | Killed Louise
 26484 | D:15     | Received a gift from Okawaru
 26562 | D:15     | Identified the +0 quarterstaff of Defiance {heavy, *Noise
                  | Str+2 Dex+5}
 26919 | D:15     | Found a staircase to the Depths.
 27349 | Spider:1 | Entered Level 1 of the Spider Nest
 27540 | Spider:1 | Reached skill level 5 in Dodging
 27603 | Spider:1 | Identified the +5 dagger of the Sea {protect, Str+3}
 27834 | Spider:2 | Received a gift from Okawaru
 28133 | Spider:2 | You fall into a shaft and drop 1 floor!
 29060 | Spider:2 | Noticed Arachne
 29073 | Spider:2 | Killed Arachne
 29073 | Spider:2 | Received a gift from Okawaru
 29082 | Spider:2 | Gained mutation: You sometimes lose your temper in combat.
                  | [mutagenic glow]
 30766 | Spider:2 | Noticed Agnes
 30778 | Spider:2 | Killed Agnes
 30779 | Spider:2 | Reached XP level 17. HP: 166/166 MP: 14/16
 30900 | Spider:1 | Acquired a +1 heavy double sword
 30900 | Spider:1 | Received a gift from Okawaru
 30920 | Spider:1 | Acquired the +11 crystal plate armour of the Armadillo
                  | {Str+3 Dex+5}
 30920 | Spider:1 | Received a gift from Okawaru
 31031 | Spider:1 | Received a gift from Okawaru
 31564 | Spider:2 | Identified the serpent talisman of Ruimymiq {Will+ Str+3}
 31564 | Spider:2 | Noticed Aizul
 31575 | Spider:2 | Killed Aizul
 33644 | Spider:4 | Entered Level 4 of the Spider Nest
 33877 | Elf:1    | Entered Level 1 of the Elven Halls
 33887 | Elf:1    | Reached skill level 20 in Long Blades
 34120 | Elf:1    | Received a gift from Okawaru
 34488 | Elf:1    | Killed from afar by a deep elf zephyrmancer

Illustrated notes

Levels and vault maps discovered:
D:1:      spicycebolla_arrival_clurvy, layout_basic, kennysheep_pointless_box
D:2:      layout_rooms
D:3:      layout_basic, zin_purify, chequers_mini_garden
D:4:      layout_basic
D:5:      layout_basic, nicolae_elyvilon_peaceful_grove,
          nicolae_ru_path_of_blood, uniq_grinder
D:6:      layout_cave_pools, serial_park, serial_park_paths
          [serial_park_minivault_5x5_1], serial_park_avenue1,
          serial_park_avenue1, serial_park_tiny_pond, uniq_pikel, uniq_sigmund
D:7:      minmay_chambers_of_sevens, layout_basic, temple_pool_b,
          serial_bayou_pond_e, glass_columns_c, uniq_maurice
D:8:      layout_rooms, mainiacjoe_overflow_alcove_4
D:9:      layout_gridville, grunt_dithmenos_smoke, enter_bailey_2,
          uniq_jeremiah, uniq_harold
D:10:     minmay_cut_squares, layout_long_grid, lemuel_tele_altar, uniq_psyche
D:11:     layout_loops_ring, serial_shops, nicolae_shop_just_a_little_nook
D:12:     layout_stronghold, serial_column_ruins, column_ruins_courtyard_long,
          column_ruins_open_small, column_ruins_columns_corner,
          column_ruins_grid_1, column_ruins_open_small, column_ruins_open_small,
          column_ruins_open_tiny, dancing_weapons_uskayaw
D:13:     layout_grid_maze, erik_vaults_2, uniq_sonja
D:14:     layout_basic, hangedman_abyss_or_decor_stabs, kennysheep_four_rooms,
          uniq_kirke
D:15:     grunt_enter_depths_magical_seal, layout_basic, uniq_louise
Temple:   nicolae_temple_slightly_damp_pantheon
Lair:1:   layout_cave_shapes, portal_ice_cave_demonic_guard
Lair:2:   layout_cave_pods, minmay_shoals_entry_beasts,
          spider_nest_entry_funnel_web, serial_bayou_shore_a
Lair:3:   minmay_guarded_unrand_snakebite, layout_chaotic_city,
          grunt_megastairs_2, uniq_gastronok, uniq_urug
Lair:4:   layout_layer_cave, gammafunk_ghost_hydra_chop
Lair:5:   minmay_lair_end_frog_pond, layout_regular_city,
          dpeg_slime_entry_enclosed, basic_altar, dreamdust_deal_with_the_devil
Spider:1: lemuel_spider_zombies
Spider:2: layout_chambers, guppyfry_spider_mini_2,
          hangedman_spider_tarantella_strand, uniq_agnes, uniq_arachne,
          uniq_aizul
Spider:3: layout_spider_delve
Spider:4: johnstein_spider_rune_arachne_lair
Orc:1:    layout_caves, serial_shops, shop, uniq_nergalle
Orc:2:    st_orc_ogre_mass, layout_caves
Elf:1:    minmay_elf_arrival_summoners, layout_geoelf_diagonals,
          ebering_ghost_rock_garden, minmay_elf_sorcery

Skill      XL: |  1  2  3  4  5  6  7  8  9 10 11 12 13 14 15 16 17 |
---------------+----------------------------------------------------+-----
Fighting       | 4 5 6 7 9 11 12 14 15 17 18 19 | 19.0
Shields        | 4 5 6 7 9 12 14 15 17 18 | 18.6
Armour         | 4 5 6 7 9 10 12 13 14 16 17 18 | 18.3
Long Blades    | 3 4 5 7 9 10 12 14 15 16 17 18 19 20 | 20.0
Dodging        | 1 2 3 4 5 |  5.2
Stealth        | 1 2 |  2.2
Invocations    | |  0.9

Action                     |  1- 3 |  4- 6 |  7- 9 | 10-12 | 13-15 | 16-18 || total
---------------------------+-------+-------+-------+-------+-------+-------++-------
  Melee: Long sword        |    15 |       |       |       |       |       ||    15
         Headbutt          |     8 |     9 |    27 |   120 |   305 |   206 ||   675
         Demon blade       |    41 |    47 |   145 |   481 |  1240 |   597 ||  2551
         Scimitar          |       |       |       |     6 |    31 |       ||    37
         Double sword      |       |       |       |       |       |   177 ||   177
 Invoke: Heroism           |       |       |     1 |     2 |     2 |       ||     5
         Receive Weapon    |       |       |       |       |       |     1 ||     1
         Receive Armour    |       |       |       |       |       |     1 ||     1
Ability: Begin Untransform |       |       |       |     1 |       |       ||     1
  Evoke: Wand              |       |       |       |       |     1 |       ||     1
    Use: Scroll            |     4 |     1 |       |    16 |     6 |     4 ||    31
         Potion            |       |       |       |     4 |     1 |     6 ||    11
 Armour: Scale mail        |    31 |    18 |     5 |       |       |       ||    54
         Chain mail        |       |       |    38 |       |       |       ||    38
         Plate armour      |       |       |    62 |   407 |   790 |   396 ||  1655
         Crystal plate arm |       |       |       |       |       |   212 ||   212
  Dodge: Dodged            |    32 |    27 |    75 |   243 |   288 |   224 ||   889
  Block: Buckler           |    14 |    12 |    22 |   131 |       |       ||   179
         Kite shield       |       |       |       |    60 |   927 |   722 ||  1709
         Form:             |       |       |       |     1 |       |     2 ||     3
         Serpent           |       |       |       |     1 |       |     1 ||     2
         Storm             |       |       |       |     1 |       |       ||     1
         Dragon            |       |       |       |       |       |     1 ||     1
